 Dungeon Crawl Stone Soup version 0.27-a0-1154-gfdeffcb720 (webtiles) character file.

Game seed: 10728963440592041988

255 Strat the Chiller (level 5, -2/41 HPs)
             Began as a Mummy Ice Elementalist on May 14, 2021.
             Slain by Grinder (9 damage)
             ... on level 3 of the Dungeon.
             The game lasted 00:07:15 (3074 turns).

Strat the Chiller (Mummy Ice Elementalist)          Turns: 3074, Time: 00:07:15

Health: -2/41      AC:  8    Str: 11    XL:     5   Next: 91%
Magic:  3/9        EV: 12    Int: 15    God:
Gold:   96         SH:  0    Dex: 13    Spells: 2/9 levels left

rFire    x . .     SeeInvis .   i - +0 spear
rCold    + . .     Faith    .   (no shield)
rNeg     + + +     Spirit   .   a - +0 robe
rPois    ∞         Reflect  .   (no helmet)
rElec    .         Harm     .   (no cloak)
rCorr    .         Rampage  .   (no gloves)
Will     .....                  (no boots)
Stlth    ++........             (no amulet)
HPRegen  0.13/turn              (no ring)
MPRegen  0.11/turn              (no ring)

@: ice-armoured
A: cold resistance 1, negative energy resistance 3, torment resistance 2, heat
vulnerability 1, no potions
a: no special abilities


You were on level 3 of the Dungeon.
You visited 1 branch of the dungeon, and saw 3 of its levels.

You collected 96 gold pieces.

Inventory:

Hand Weapons
 b - a +0 dagger
 c - a +0 short sword
 i - a +0 spear (weapon)
Missiles
 e - 29 stones
Armour
 a - a +0 robe (worn)
Scrolls
 d - 2 scrolls of teleportation {unknown}
 f - 2 scrolls of amnesia
 g - a scroll of silence
 h - a scroll of magic mapping {unknown}


   Skills:
 + Level 3.1 Fighting
 - Level 1.5 Dodging
 - Level 1.5 Stealth
 - Level 2.6 Spellcasting
 * Level 5.2 Ice Magic


You had 2 spell levels left.
You knew the following spells:

 Your Spells              Type           Power      Damage    Failure   Level
a - Freeze                Ice            68%        1d8       2%          1
b - Frozen Ramparts       Ice            34%        1d5       7%          3
c - Ozocubu's Armour      Ice            17%        N/A       7%          3

Your spell library contained the following spells:

 Spells                   Type           Power      Damage    Failure   Level
 Hailstorm                Conj/Ice       9%         3d4       56%         4
 Metabolic Englaciation   Hex/Ice        4%         N/A       89%         5


Dungeon Overview and Level Annotations

Branches:
Dungeon (3/15)

Altars:

Shops:
D:1 ?

Annotations:
D:3 Grinder, Jessica


Innate Abilities, Weirdness & Mutations

You are immune to poison.
Your flesh is cold resistant. (rC+)
You are immune to negative energy. (rN+++)
You are immune to unholy pain and torment.
You are vulnerable to heat. (rF-)
You do not drink.


Message History

* * * LOW HITPOINT WARNING * * *
Grinder blinks!
Found 10 gold pieces.
You see here a +0 dagger.
There is an open door here.
A dart slug comes into view.
The dart slug launches a dart at you. The slug dart hits you.
* * * LOW HITPOINT WARNING * * *
Found a scroll labelled WIP TOLINKODOE.
You barely miss the dart slug. The dart slug bites you.
* * * LOW HITPOINT WARNING * * *
You hit the dart slug but do no damage. The dart slug bites you.
* * * LOW HITPOINT WARNING * * *
You barely miss the dart slug.
Casting: Freeze (safe; 2% risk of failure)
Confirm with . or Enter, or press ? or * to list all spells.
A film of ice covers your body!
* * * LOW MAGIC WARNING * * *
The dart slug closely misses you.
Casting: Ozocubu's Armour (dangerous; 7% risk of failure)
Confirm with . or Enter, or press ? or * to list all spells.
You don't have enough magic to cast this spell.
You hit the dart slug.
The dart slug is lightly wounded.
The dart slug bites you but does no damage.
You hit the dart slug.
The dart slug is severely wounded.
The dart slug bites you but does no damage.
You hit the dart slug.
You kill the dart slug!
You hit Grinder but do no damage. Grinder hits you!
* * * LOW HITPOINT WARNING * * *
Your icy armour will break if you move.
Continue? [Y]es or [N]o only, please.
Your icy armour will break if you move.
Continue?
Okay, then.
You hit Grinder but do no damage. Grinder barely misses you.
You closely miss Grinder. Grinder hits you!
You die...

####### #.?.#
###......
#...#
#@#........
#...#
#.#.#.....†
#...#
#.#.#......
#...#
#.#.#......
#...#
#.#.#......
#.†.#
#.#.######.
#@#
#.#.######.
#5#
#..>.......
#.#
##########.
#.# ## #.#
#.# #.#####
#.#..$
#####'#.####.


You could see Grinder.

Vanquished Creatures
  A black bear (D:3)
  A scorpion (D:2)
  An adder (D:3)
  3 gnolls (D:3)
  A white imp (D:3)
  2 dart slugs
  2 endoplasms (D:2)
  7 giant cockroaches
  4 goblins
  2 hobgoblins
  6 jackals
  5 kobolds
  A quokka (D:1)
  9 ball pythons
  4 bats
  3 frilled lizards
  8 rats
60 creatures vanquished.

Vanquished Creatures (others)
  2 plants (D:1)
2 creatures vanquished.

Grand Total: 62 creatures vanquished

Notes
Turn   | Place    | Note
-------+----------+-------------------------------------------
     0 | D:1      | Strat the Mummy Ice Elementalist began the quest for the
                  | Orb.
     0 | D:1      | Reached XP level 1. HP: 13/13 MP: 4/4
   290 | D:1      | Reached XP level 2. HP: 19/20 MP: 5/5
   370 | D:1      | Found a faded altar of an unknown god.
   614 | D:1      | Reached skill level 1 in Fighting
   674 | D:1      | Found Raps's Magic Scroll Shop.
   786 | D:1      | You fall into a shaft and drop 1 floor!
  1197 | D:2      | Noticed a scorpion
  1404 | D:2      | Reached XP level 3. HP: 26/26 MP: 5/7
  1583 | D:2      | Killed a scorpion
  1584 | D:2      | Reached skill level 4 in Ice Magic
  1584 | D:2      | Reached XP level 4. HP: 33/33 MP: 2/8
  1792 | D:2      | You fall into a shaft and drop 1 floor!
  1922 | D:3      | Learned a level 3 spell: Frozen Ramparts
  1926 | D:3      | Learned a level 3 spell: Ozocubu's Armour
  1934 | D:3      | Noticed Jessica
  2295 | D:3      | Reached XP level 5. HP: 22/39 MP: 5/9
  2675 | D:3      | Noticed Grinder
  2827 | D:3      | Noticed a black bear
  2880 | D:3      | Killed a black bear
  2881 | D:3      | Reached skill level 5 in Ice Magic
  3074 | D:3      | Slain by Grinder

Illustrated notes

Levels and vault maps discovered:
D:1:      psy_arrival_conway, layout_rooms, serial_shops, shop,
          shapermc_ecumenical_altar_gd
D:2:      layout_basic, st_stairs_12
D:3:      layout_basic, uniq_jessica, uniq_grinder

Skill      XL: |  1  2  3  4  5 |
---------------+----------------+-----
Fighting       | 1 2 3 |  3.1
Ice Magic      | 4 5 |  5.2
Dodging        | |  1.5
Stealth        | |  1.5
Spellcasting   | |  2.6

Action                   |  1- 3 |  4- 6 || total
-------------------------+-------+-------++-------
Melee: Short sword       |    24 |    18 ||    42
       Spear             |       |    73 ||    73
 Cast: Freeze            |    37 |    16 ||    53
       Frozen Ramparts   |       |     5 ||     5
       Ozocubu's Armour  |       |     2 ||     2
  Use: Scroll            |       |     2 ||     2
 Stab: Sleeping          |     2 |     2 ||     4
Armor: Robe              |    10 |    19 ||    29
Dodge: Dodged            |    39 |    66 ||   105

Table legend: (Time is in decaauts)
 A = Elapsed time spent in this place.
 B = Non-inter-level travel time spent in this place.
 C = Inter-level travel time spent in this place.
 D = Time resting spent in this place.
 E = Time spent auto-exploring this place.
 F = Levels seen in this place.
 G = Mean time per level.
                   A        B        C        D        E       F      G
               +--------+--------+--------+--------+--------+-----+--------+
         Total |   3090 |   3057 |     33 |   1194 |   1175 |   3 | 1030.0 |
       Dungeon |   3090 |   3057 |     33 |   1194 |   1175 |   3 | 1030.0 |
               +--------+--------+--------+--------+--------+-----+--------+

Top non-repeatable levels by time:
     D:3: 1288 daAuts
     D:1: 1191 daAuts
     D:2: 611 daAuts
